 Dungeon Crawl Stone Soup version 0.29.1-1-gd02db6906a (webtiles) character file.

Game seed: 15851834768942304593

61 Glamhuggeren the Trooper (level 3, -4/29 HPs)
             Began as a Demonspawn Gladiator on Oct 7, 2022.
             Slain by a gnoll
             ... wielding a +0 club
              (6 damage)
             ... on level 2 of the Dungeon.
             The game lasted 00:02:26 (1867 turns).

Glamhuggeren the Trooper (Demonspawn Gladiator)     Turns: 1867, Time: 00:02:26

Health: -4/29      AC:  5    Str: 19    XL:     3   Next: 83%
Magic:  3/3        EV: 12    Int: 12    God:
Gold:   56         SH:  0    Dex: 14    Spells: 2/2 levels left

rFire   . . .      SeeInvis .   a - +0 war axe
rCold   . . .      Faith    .   (no shield)
rNeg    . . .      Spirit   .   b - +0 leather armour
rPois   +          Reflect  .   c - +0 helmet
rElec   .          Harm     .   (no cloak)
rCorr   .          Rampage  .   (no gloves)
Will    .....                   l - +0 pair of boots
Stlth   ++........              (no amulet)
HPRegen 0.09/turn               (no ring)
MPRegen 0.08/turn               (no ring)

@: no status effects
A: foul stench 2, thin skeletal structure 1, clever 1, poison resistance, strong
1
a: no special abilities


You were on level 2 of the Dungeon.
You visited 1 branch of the dungeon, and saw 2 of its levels.

You collected 56 gold pieces.

Inventory:

Hand Weapons
 a - a +0 war axe (weapon)
Missiles
 d - 2 throwing nets (quivered)
 e - a javelin
 i - 4 stones
Armour
 b - a +0 leather armour (worn)
 c - a +0 helmet (worn)
 l - a +0 pair of boots (worn)
Jewellery
 h - a ring of protection from fire
 k - a ring of protection from fire
Scrolls
 f - a scroll of fog {unknown}
 g - 2 scrolls of identify {unknown}
 j - a scroll of vulnerability {unknown}


   Skills:
 * Level 3.3 Fighting
 + Level 3.2 Axes
 - Level 2.0 Throwing
 - Level 3.0 Dodging


You had 2 spell levels left.
You didn't know any spells.
Your spell library was empty.

Dungeon Overview and Level Annotations

Branches:
Dungeon (2/15)

Altars:


Innate Abilities, Weirdness & Mutations

You sometimes emit foul miasma when damaged in melee.
You have a somewhat thin skeletal structure. (Dex +2, Stealth+)
Your mind is acute. (Int +4, Str/Dex -1)
Your system is resistant to poisons. (rPois)
Your muscles are strong. (Str +4, Int/Dex -1)


Message History

You kill the bat!
Throw: 3 throwing nets
Press: ? - help, Q - select action, (/) - cycle Shift-Dir - straight line, f - gnoll
Aim: a gnoll, wielding a +1 vorpal spear (64% to hit)
You throw a throwing net.
The throwing net closely misses the rat.
The throwing net hits the gnoll.
The gnoll is caught in the net!
The gnoll struggles against the net.
The rat closely misses you.
You slash the rat!
You kill the rat!
The gnoll struggles against the net.
The gnoll struggles against the net.
Items here: ( ) ††.
You catch the helpless gnoll completely off-guard!
You slash the gnoll!
The gnoll is severely wounded.
The gnoll struggles against the net. x2
The net rips apart, and the gnoll comes free!
You slash the gnoll!
You kill the gnoll!
You barely miss the gnoll. The gnoll closely misses you.
You hit the gnoll.
The gnoll is lightly wounded.
The gnoll hits you but does no damage. The gnoll barely misses you.
You barely miss the gnoll.
The gnoll is lightly wounded.
The gnoll barely misses you.
You hit the gnoll but do no damage. The gnoll hits you with a +0 club.
* * * LOW HITPOINT WARNING * * *
You hit the gnoll.
The gnoll is lightly wounded.
The gnoll closely misses you. The gnoll barely misses you.
You slash the gnoll!
The gnoll is severely wounded.
The gnoll hits you with a +0 club.
* * * LOW HITPOINT WARNING * * *
You closely miss the gnoll.
The gnoll is severely wounded.
The gnoll hits you with a +0 club.
You die...

.#. ..#
##### .#
#.. ....
...#..##..
#.[...#.#
.#...g.#.#
....g.†.w#
?......#g#
$w#..#.#@#
#. #.#.# #
#.#.#
..#.#
.##.# .
#.# #.#
#.# ..#
#.#


You could see a gnoll and a dart slug.

Vanquished Creatures
  2 gnolls (D:2)
  An adder (D:2)
  A worm (D:2)
  2 dart slugs
  2 ball pythons (D:1)
  2 giant cockroaches
  2 goblins (D:1)
  2 hobgoblins (D:1)
  A quokka (D:1)
  6 bats
  2 frilled lizards (D:1)
  2 kobolds (D:1)
  2 rats (D:2)
27 creatures vanquished.

Notes
Turn   | Place    | Note
-------+----------+-------------------------------------------
     0 | D:1      | Glamhuggeren the Demonspawn Gladiator began the quest for
                  | the Orb.
     0 | D:1      | Reached XP level 1. HP: 16/16 MP: 1/1
   377 | D:1      | Gained mutation: You may rarely emit foul miasma when
                  | damaged in melee. [demonic ancestry]
   377 | D:1      | Reached XP level 2. HP: 18/22 MP: 2/2
   777 | D:1      | Found a faded altar of an unknown god.
  1782 | D:2      | Gained mutation: You sometimes emit foul miasma when
                  | damaged in melee. [demonic ancestry]
  1782 | D:2      | Reached XP level 3. HP: 28/28 MP: 3/3
  1854 | D:2      | Gained mutation: Your system is resistant to poisons.
                  | (rPois) [potion of mutation]
  1854 | D:2      | Gained mutation: Your muscles are strong. (Str +4, Int/Dex
                  | -1) [potion of mutation]
  1854 | D:2      | Gained mutation: Your mind is acute. (Int +4, Str/Dex -1)
                  | [potion of mutation]
  1854 | D:2      | Gained mutation: You have a somewhat thin skeletal
                  | structure. (Dex +2, Stealth+) [potion of mutation]
  1866 | D:2      | HP: 1/29 [gnoll/+0 club (3)]
  1867 | D:2      | Slain by a gnoll

Illustrated notes

Levels and vault maps discovered:
D:1:      dpeg_arrival_round_a, layout_basic, basic_ecumenical_altar
D:2:      layout_basic, minmay_randomly_rotated_circles, uniq_terence

Skill      XL: |  1  2  3 |
---------------+----------+-----
Throwing       | 2 |  2.0
Axes           | 3 |  3.2
Dodging        | 3 |  3.0
Fighting       | 3 |  3.3

Action                   || total
-------------------------++-------
Melee: War axe           ||   103
Throw: Throwing net      ||     2
  Use: Potion            ||     1
 Stab: Sleeping          ||     1
       Held in net/web   ||     1
Armor: Leather armour    ||    57
Dodge: Dodged            ||    82
